 Dungeon Crawl Stone Soup version 0.25-a0-1073-gf4359a17dd (webtiles) character file.

Game seed: 14743312801651087717, levelgen mode: deterministic

3212 vurker the Zephyrmancer (level 9, 42/42 HPs)
             Began as a Felid Air Elementalist on May 14, 2020.
             Was an Elder of Vehumet.
             Quit the game on level 8 of the Dungeon.
             The game lasted 00:20:19 (13107 turns).

vurker the Zephyrmancer (Felid Air Elementalist)   Turns: 13107, Time: 00:20:20

Health: 42/42      AC:  2    Str:  4    XL:     9   Next: 65%
Magic:  22/22      EV: 18    Int: 20    God:    Vehumet [****..]
Gold:   357        SH:  0    Dex: 17    Spells: 10/25 levels left
                                        Lives:  1   Deaths: 2

rFire    . . .     SeeInvis +   (weapon unavailable)
rCold    . . .     Gourm    .   (shield unavailable)
rNeg     . . .     Faith    .   (armour unavailable)
rPois    .         Spirit   .   (helmet unavailable)
rElec    .         Reflect  .   (cloak unavailable)
rCorr    +         Harm     .   (gloves unavailable)
MR       +....                  (boots unavailable)
Stlth    +++.......             (no amulet)
HPRegen  0.14/turn              s - ring of resist corrosion
MPRegen  0.18/turn              (no ring)

@: quick
A: very small, no armour, no weapons or thrown items, stealth, claws 1, fangs 3,
see invisible, carnivore, speed 1, shaggy fur 2, slow metabolism 1, sharp paws
a: Renounce Religion


You were on level 8 of the Dungeon.
You worshipped Vehumet.
Vehumet was greatly pleased with you.
You were not hungry.

You visited 1 branch of the dungeon, and saw 9 of its levels.

You collected 357 gold pieces.

Inventory:

Jewellery
 s - a ring of resist corrosion (left paw)
   (You found it on level 5 of the Dungeon)
Wands
 d - a wand of iceblast (5)
   (You took it off Psyche on level 8 of the Dungeon)
 o - a wand of polymorph (10)
   (You took it off Eustachio on level 4 of the Dungeon)
 t - a wand of flame (12)
   (You took it off Ijyb on level 4 of the Dungeon)
 u - a wand of paralysis (5)
   (You found it on level 4 of the Dungeon)
Scrolls
 a - 4 scrolls of amnesia
 f - a scroll of noise {unknown}
 g - 3 scrolls of remove curse
 h - 2 scrolls of teleportation
 i - a scroll of blinking {unknown}
 j - a scroll of random uselessness {unknown}
 k - a scroll of immolation {unknown}
 m - a scroll of fog {unknown}
 n - 2 scrolls of enchant armour {unknown}
 q - a scroll of torment {unknown}
 x - a scroll of magic mapping {unknown}
 y - 3 scrolls of fear
Potions
 c - a potion of curing
 l - a potion of flight
 p - 2 potions of invisibility
 r - a potion of resistance
 v - 2 potions of lignification
 w - 2 potions of brilliance
Comestibles
 e - 14 rations


   Skills:
 + Level 6.4 Fighting
 - Level 2.6 Dodging
 - Level 2.6 Stealth
 * Level 8.8 Spellcasting
 * Level 6.4 Conjurations
 * Level 9.1 Air Magic


You had 10 spell levels left.
You knew the following spells:

 Your Spells              Type           Power        Failure   Level  Hunger
a - Shock                 Conj/Air       ####         1%          1    None
b - Lightning Bolt        Conj/Air       #####.....   2%          5    #####..
c - Airstrike             Air            #####.....   1%          4    ###....
q - Irradiate             Conj/Tmut      ###.......   16%         5    #####..

Your spell library contained the following spells:

 Spells                   Type           Power        Failure   Level  Hunger
 Swiftness                Chrm/Air       ####....     1%          2    None
 Static Discharge         Conj/Air       #####...     1%          3    None
 Animate Skeleton         Necr           N/A          8%          1    None
 Apportation              Tloc           #.....       8%          1    None
 Corona                   Hex            #......      8%          1    None
 Summon Small Mammal      Summ           #...         8%          1    None


Dungeon Overview and Level Annotations

Branches:
Dungeon (9/15)             Temple (0/1) D:7            Lair (0/6) D:8
    Orc: D:9-12

Altars:
Ashenzari
Cheibriados
Gozag
Kikubaaqudgha
Makhleb
Nemelex Xobeh
Okawaru
Qazlal
Sif Muna
Trog
Vehumet
Yredelemnul
Zin
The Shining One

Annotations:
D:3 2 transporters


Innate Abilities, Weirdness & Mutations

You cannot wear armour.
You are incapable of wielding weapons or throwing items.
Your paws allow you to move quietly. (Stealth)
You have sharp claws.
You have razor-sharp teeth.
You have supernaturally acute eyesight. (SInv)
You are carnivorous and can eat meat at any time.
You cover ground quickly.
You are covered in thick fur. (AC +2)
You have a slow metabolism.
Your sharp claws are effective at attacking unaware monsters.


Message History

The zap hits the soldier ant but does no damage.
The zap hits the soldier ant. x2
Aim: a soldier ant (heavily wounded)
The zap hits the soldier ant.
The spell is quite dangerous to cast (16% risk of failure)!
Continue anyway?
You erupt in a fountain of uncontrolled magic!
The soldier ant is blasted with magical radiation!
You kill the soldier ant!
Vehumet accepts your kill.
You feel your power returning.
You are very lightly contaminated with residual magic.
You climb upwards.
There is a stone staircase leading down here.
There is an escape hatch in the floor here.
There is a stone staircase leading down here.
You start resting.
Your magical contamination has completely faded away.
You climb downwards.
The soldier ant barely misses you. The soldier ant stings you!
You are poisoned.
The soldier ant poisons you!
There is a stone staircase leading up here.
The spell is quite dangerous to cast (16% risk of failure)!
Continue anyway?
You miscast Irradiate.
You are very lightly contaminated with residual magic.
You feel a strange surge of energy.
You turn into a sentient fungus.
You feel sick.
The soldier ant stings you but does no damage.
The soldier ant stings you! The soldier ant barely misses you.
You can't do that in your present form.
You feel sick. The soldier ant completely misses you.
The soldier ant barely misses you. x2
You climb upwards.
You feel sick.
There is a stone staircase leading down here.
You release spores at the soldier ant but do no damage.
You feel sick. The soldier ant misses you. The soldier ant barely misses you.
The soldier ant completely misses you.
You barely miss the soldier ant.
You feel sick. The soldier ant closely misses you. The soldier ant stings you.
* * * LOW HITPOINT WARNING * * *
You release spores at the soldier ant but do no damage.
You feel sick. The soldier ant stings you!
* * * LOW HITPOINT WARNING * * *
The soldier ant stings you.
You die...
Your shape twists and changes as you die.
The soldier ant barely misses you.
You are now level 9!
You stop sporulating.
You rejoin the land of the living...

#.## ##. #.# #.
##.# #. #####
#####).#### ##
....#####...[.....#
#
###....##....[....#
# ####<...........#
####.........#
#.......@.#
#.........#
###########


There were no monsters in sight!

Vanquished Creatures
  Pikel (D:8)
  Psyche (D:8)
  Grinder (D:4)
  A hippogriff (D:8)
  Sigmund (D:6)
  4 yaks (D:8)
  Eustachio (D:4)
  Menkaure (D:6)
  A soldier ant (D:9)
  An ice beast (D:7)
  4 porcupines (D:8)
  Purgy (D:3)
  3 orc warriors (D:7)
  A black bear (D:7)
  3 ogres
  2 centaurs
  A phantom (D:5)
  4 crocodiles (D:8)
  8 bullfrogs
  A gnoll sergeant (D:7)
  A scorpion (D:7)
  6 killer bees (D:8)
  2 howler monkeys
  9 wights
  A bullfrog zombie (D:7)
  2 crimson imps (D:5)
  A centaur zombie (D:8)
  A jelly (D:7)
  2 quasits (D:7)
  Crazy Yiuf (D:4)
  A hound (D:8)
  2 orc priests
  A centaur skeleton (D:2)
  3 orc wizards
  A bullfrog skeleton (D:5)
  3 iguanas
  Ijyb (D:4)
  7 worker ants
  A hound zombie (D:8)
  A hound skeleton (D:8)
  A howler monkey skeleton (D:4)
  15 gnolls
  12 adders
  A shadow imp (D:6)
  An adder skeleton (D:8)
  4 worms
  A dart slug (D:2)
  4 leopard geckos
  17 orcs
  12 bats
  5 giant cockroaches
  3 goblins
  10 hobgoblins
  15 jackals
  3 quokkas
  A ball python (D:4)
  4 frilled lizards
  A jackal skeleton (D:4)
  7 kobolds
  A leopard gecko zombie (D:5)
  A quokka skeleton (D:7)
  8 rats
215 creatures vanquished.

Vanquished Creatures (others)
  4 slaves (D:8)
  2 bushes (D:8)
  6 fungi (D:8)
  20 plants (D:8)
32 creatures vanquished.

Grand Total: 247 creatures vanquished

Notes
Turn   | Place    | Note
-------+----------+-------------------------------------------
     0 | D:1      | vurker the Felid Air Elementalist began the quest for the
                  | Orb.
     0 | D:1      | Reached XP level 1. HP: 7/7 MP: 4/4
   106 | D:1      | Reached skill level 1 in Conjurations
   548 | D:1      | Reached XP level 2. HP: 12/12 MP: 4/6
   791 | D:1      | Reached skill level 3 in Air Magic
  1360 | D:1      | Reached XP level 3. HP: 15/15 MP: 4/7
  1721 | D:2      | Reached skill level 1 in Fighting
  2094 | D:2      | Found a radiant altar of Vehumet.
  2102 | D:2      | Became a worshipper of Vehumet
  2267 | D:2      | Reached XP level 4. HP: 16/19 MP: 1/9
  3151 | D:2      | Found an ancient bone altar of Kikubaaqudgha.
  3151 | D:2      | Found a shimmering blue altar of Sif Muna.
  3188 | D:2      | Found a burning altar of Makhleb.
  3191 | D:2      | Found a sparkling altar of Nemelex Xobeh.
  3192 | D:2      | Found an opulent altar of Gozag.
  3318 | D:2      | Reached XP level 5. HP: 11/22 MP: 0/10
  3574 | D:2      | Learned a level 5 spell: Lightning Bolt
  3579 | D:2      | Learned a level 4 spell: Airstrike
  3876 | D:3      | Reached * piety under Vehumet
  3876 | D:3      | Offered knowledge of Foxfire by Vehumet.
  3890 | D:3      | Reached skill level 4 in Air Magic
  4269 | D:3      | HP: 1/22 [poisoned by an orc]
  4273 | D:3      | Succumbed to an orc's poison
  4274 | D:3      | Reached XP level 4. HP: 0/19 MP: 5/10
  4449 | D:3      | Reached XP level 5. HP: 16/22 MP: 4/11
  4598 | D:3      | Found a transporter.
  4599 | D:3      | Found a transporter.
  4604 | D:3      | Noticed Purgy
  4627 | D:3      | HP: 1/22 [Purgy (1)]
  4628 | D:3      | Killed Purgy
  5301 | D:4      | Found a stormy altar of Qazlal.
  5374 | D:4      | Noticed Ijyb
  5381 | D:4      | Gained mutation: You are covered in thick fur. (AC +2)
                  | [Felid growth]
  5381 | D:4      | Reached XP level 6. HP: 18/26 MP: 5/13
  5384 | D:4      | Killed Ijyb
  5527 | D:4      | Noticed Grinder
  5539 | D:4      | Paralysed by Grinder for 4 turns
  5545 | D:4      | Killed Grinder
  5587 | D:4      | Offered knowledge of Magic Dart by Vehumet.
  5629 | D:4      | Reached ** piety under Vehumet
  6000 | D:4      | Found a runed translucent door.
  6001 | D:4      | Noticed Crazy Yiuf
  6109 | D:4      | Noticed Eustachio
  6120 | D:4      | Killed Eustachio
  6120 | D:4      | Reached skill level 5 in Air Magic
  6120 | D:4      | Reached XP level 7. HP: 31/31 MP: 4/15
  6274 | D:4      | Found an iron altar of Okawaru.
  6274 | D:4      | Found a bloodstained altar of Trog.
  6274 | D:4      | Found a glowing golden altar of the Shining One.
  6392 | D:4      | Killed Crazy Yiuf
  6497 | D:5      | Entered Level 5 of the Dungeon
  6699 | D:5      | Found a basalt altar of Yredelemnul.
  6726 | D:5      | Reached skill level 5 in Spellcasting
  6855 | D:5      | Found a snail-covered altar of Cheibriados.
  7766 | D:6      | Found a glowing silver altar of Zin.
  7849 | D:6      | Noticed Sigmund
  7860 | D:6      | Reached XP level 8. HP: 30/36 MP: 7/17
  8039 | D:6      | Killed Sigmund
  8039 | D:6      | Reached skill level 6 in Air Magic
  8286 | D:6      | Offered knowledge of Frozen Ramparts by Vehumet.
  8322 | D:6      | Noticed Menkaure
  8324 | D:6      | Killed Menkaure
  8953 | D:6      | Found a shattered altar of Ashenzari.
  9096 | D:7      | Reached XP level 9. HP: 32/39 MP: 13/19
  9170 | D:7      | Reached skill level 7 in Air Magic
  9284 | D:7      | Found a staircase to the Ecumenical Temple.
  9353 | D:7      | Reached *** piety under Vehumet
  9478 | D:7      | Reached skill level 5 in Fighting
  9601 | D:7      | Found a sparkling altar of Nemelex Xobeh.
  9962 | D:7      | Offered knowledge of Mephitic Cloud by Vehumet.
 10108 | D:7      | Reached skill level 5 in Conjurations
 10124 | D:7      | HP: 2/40 [orc warrior/+0 battleaxe (16)]
 10694 | D:7      | Reached skill level 8 in Air Magic
 11083 | D:8      | Noticed Pikel
 11091 | D:8      | Killed Pikel
 11091 | D:8      | Reached XP level 10. HP: 45/45 MP: 3/23
 11294 | D:8      | Noticed Psyche
 12046 | D:8      | Reached **** piety under Vehumet
 12269 | D:8      | Offered knowledge of Irradiate by Vehumet.
 12360 | D:8      | Learned a level 5 spell: Irradiate
 12397 | D:8      | Killed Psyche
 12614 | D:8      | Reached skill level 9 in Air Magic
 12638 | D:8      | Found a staircase to the Lair.
 13106 | D:8      | Slain by a soldier ant
 13107 | D:8      | Reached XP level 9. HP: -2/42 MP: 19/22
 13107 | D:8      | Quit the game

Illustrated notes

Levels and vault maps discovered:
D:1:      dpeg_arrival_arbitrary_a, layout_loops_corners
D:2:      layout_basic, minitemple, overflow_temple_1_default
D:3:      gammafunk_steamed_eel, layout_loops_ring, serial_glass,
          glass_columns_c, glass_columns_a, glass_columns_a, glass_columns_a,
          glass_columns_a, glass_columns_a, first_ration, uniq_purgy
D:4:      layout_loops_ring, gammafunk_temple_overflow_claw,
          nrook_loot_triangle, grunt_qazlal_clouds, uniq_ijyb, uniq_grinder,
          uniq_eustachio, uniq_crazy_yiuf_cottage
D:5:      layout_loops_ring, cheibriados_altar_1, lemuel_round_altar
D:6:      layout_cave_pools, lemuel_doored_altar, lemuel_crystal_altar,
          uniq_sigmund, uniq_menkaure
D:7:      layout_basic, minmay_temple_entry_large_hall,
          nemelex_lonely_heart_becter
D:8:      layout_rooms, minmay_lair_entry_grove, uniq_psyche, uniq_pikel
D:9:      layout_big_octagon, hangedman_ranch [blue_anna_fruit_fields],
          zaba_anthell, uniq_prince_ribbit1, uniq_maggie

Skill      XL: |  1  2  3  4  5  6  7  8  9 10 |
---------------+-------------------------------+-----
Conjurations   | 1 2 3 4 5 6 |  6.4
Air Magic      | 3 4 5 6 8 9 |  9.1
Fighting       | 1 2 3 4 5 6 |  6.4
Spellcasting   | 3 4 5 6 8 |  8.8
Dodging        | |  2.6
Stealth        | |  2.6

Action                   |  1- 3 |  4- 6 |  7- 9 | 10-12 || total
-------------------------+-------+-------+-------+-------++-------
Melee: Unarmed           |    12 |       |       |    25 ||    37
       Bite              |     1 |       |       |     3 ||     4
 Cast: Shock             |    93 |   196 |   226 |    18 ||   533
       Airstrike         |       |       |    46 |    67 ||   113
       Irradiate         |       |       |       |     1 ||     1
Evoke: Wand              |       |       |     1 |     2 ||     3
  Use: Potion            |       |     2 |       |       ||     2
       Scroll            |       |     1 |    11 |       ||    12
 Stab: Paralysed         |       |       |       |     5 ||     5
  Eat: Chunk             |    11 |    12 |    14 |     9 ||    46
Armor: Skin              |     3 |     2 |     9 |     2 ||    16
Dodge: Dodged            |    33 |    41 |    72 |    29 ||   175

Table legend:
 A = Non-vault XP
 B = Vault XP
 C = Vault XP percentage of total XP
 D = Non-vault monster count
 E = Vault monster count
 F = Vault count percentage of total count
                 A         B        C        D         E       F
            +---------+---------+-------+---------+---------+-------
      Total |    5101 |    4139 |  44.8 |     191 |      24 |  11.2
            +---------+---------+-------+---------+---------+-------
        D:1 |      45 |       0 |   0.0 |      28 |       0 |   0.0
        D:2 |     164 |       0 |   0.0 |      19 |       0 |   0.0
        D:3 |     148 |     136 |  47.9 |      36 |       1 |   2.7
        D:4 |      75 |     550 |  88.0 |      10 |       4 |  28.6
        D:5 |     391 |       0 |   0.0 |      15 |       0 |   0.0
        D:6 |     974 |     417 |  30.0 |      21 |       2 |   8.7
        D:7 |    2023 |       0 |   0.0 |      33 |       0 |   0.0
        D:8 |    1281 |    2845 |  69.0 |      29 |      15 |  34.1
        D:9 |       0 |     191 | 100.0 |       0 |       2 | 100.0
            +---------+---------+-------+---------+---------+-------
